Workbook
Name ANNEEDEBUT: [1]Parameters!$B$2
Name Charge_variable: [1]Parameters!$A$63
Name Delai_reactivite: [1]Parameters!$B$5
Name MOISDEBUT: [1]Parameters!$B$3
Name Nature_autres_depenses: [1]Parameters!$A$48:$A$58
Name Nature_autres_encaissements: [1]Parameters!$A$19:$A$25
Name Nature_CA: [1]Parameters!$A$8:$A$16
Name Nature_depenses_CA: [1]Parameters!$A$36:$A$45
Name Probabilite_encaissement: [1]Parameters!$A$28:$A$33
Name Salaire_net: [1]Parameters!$A$44
Name TVA: [1]Parameters!$A$86:$A$90
Name Variabilisation_sans_variable: [1]Parameters!$A$61:$A$62
Name Variabilisation_variable: [1]Parameters!$A$61:$A$63

Sheet Employees
A1: Employees | D1: 2017 | E1: 2017 | F1: 2017 | G1: 2017 | H1: 2017 | I1: 2017 | J1: 2017 | K1: 2017 | L1: 2017 | M1: 2017 | N1: 2017 | O1: 2017 | P1: 2018 | Q1: 2018 | R1: 2018 | S1: 2018 | T1: 2018 | U1: 2018 | V1: 2018 | W1: 2018 | X1: 2018 | Y1: 2018 | Z1: 2018 | AA1: 2018 | AB1: 2019 | AC1: 2019 | AD1: 2019 | AE1: 2019 | AF1: 2019 | AG1: 2019 | AH1: 2019 | AI1: 2019 | AJ1: 2019 | AK1: 2019 | AL1: 2019 | AM1: 2019
D2: 1 | E2: 2 | F2: 3 | G2: 4 | H2: 5 | I2: 6 | J2: 7 | K2: 8 | L2: 9 | M2: 10 | N2: 11 | O2: 12 | P2: 1 | Q2: 2 | R2: 3 | S2: 4 | T2: 5 | U2: 6 | V2: 7 | W2: 8 | X2: 9 | Y2: 10 | Z2: 11 | AA2: 12 | AB2: 1 | AC2: 2 | AD2: 3 | AE2: 4 | AF2: 5 | AG2: 6 | AH2: 7 | AI2: 8 | AJ2: 9 | AK2: 10 | AL2: 11 | AM2: 12
D3: January | E3: February | F3: March | G3: April | H3: May | I3: June | J3: July | K3: August | L3: September | M3: October | N3: November | O3: December | P3: January | Q3: February | R3: March | S3: April | T3: May | U3: June | V3: July | W3: August | X3: September | Y3: October | Z3: November | AA3: December | AB3: January | AC3: February | AD3: March | AE3: April | AF3: May | AG3: June | AH3: July | AI3: August | AJ3: September | AK3: October | AL3: November | AM3: December
A4: Name | C4: Title | D4: =DATE(D1,D2,1) -> 42736 | E4: =DATE(E1,E2,1) -> 42767 | F4: =DATE(F1,F2,1) -> 42795 | G4: =DATE(G1,G2,1) -> 42826 | H4: =DATE(H1,H2,1) -> 42856 | I4: =DATE(I1,I2,1) -> 42887 | J4: =DATE(J1,J2,1) -> 42917 | K4: =DATE(K1,K2,1) -> 42948 | ... AM4: =DATE(AM1,AM2,1) -> 43800
A5: Employés 1 | B5: Head of operations | C5: Net salary | D5: 2703.05 | E5: 2691.49 | F5: 2691.49 | G5: 2691.49 | H5: 2691.45 | I5: 2878.9 | J5: 2691.45 | K5: 2691.45 | L5: 2691.45 | M5: =2691.45*17/30 -> 1525.155
C6: Expenses bill | D6: 483.29 | E6: 480.04 | F6: 68.51 | G6: 228.73 | H6: 185.26 | I6: 307.5 | J6: 0 | K6: 0 | L6: 500.57 | M6: 200 | N6: 200
C7: Turnover
C8: Product dev | D8: 0.25 | E8: 0.25 | F8: 0.25 | G8: 0.25 | H8: 0.25 | I8: 0.25 | J8: 0.25 | K8: 0.25 | L8: 0.25 | M8: 0.25
C9: Bizdev | D9: 0.75 | E9: 0.75 | F9: 0.75 | G9: 0.75 | H9: 0.75 | I9: 0.75 | J9: 0.75 | K9: 0.75 | L9: 0.75 | M9: 0.75
C10: Communication
C11: Operating
A12: Employés 2 | B12: Head of development | C12: Net salary | D12: 0 | E12: 0 | F12: 0 | G12: 0 | H12: 0 | I12: 0 | J12: 0 | K12: 0 | L12: 0 | M12: 0 | N12: 5000 | O12: 5000 | P12: 5000 | Q12: 5000 | R12: 5000 | S12: 5000 | T12: 5000 | U12: 5000 | V12: 5000 | W12: 5000 | X12: 5000 | Y12: 5000 | Z12: 5000 | AA12: 5000 | AB12: 5000 | AC12: 5000 | AD12: 5000 | AE12: 5000 | AF12: 5000 | AG12: 5000 | AH12: 5000 | AI12: 5000 | AJ12: 5000 | AK12: 5000 | AL12: 5000 | AM12: 5000
C13: Expenses bill | D13: 0 | E13: 0 | F13: 0 | G13: 0 | H13: 0 | I13: 0 | J13: 0 | K13: 0 | L13: =3359.47+500+1148.94 -> 5008.41 | M13: 1000 | N13: 500 | O13: 500 | P13: 1000 | Q13: 1000 | R13: 1000 | S13: 1000 | T13: 1000 | U13: 1000 | V13: 1000 | W13: 1000 | X13: 1000 | Y13: 1000 | Z13: 1000 | AA13: 1000
C14: Turnover
C15: Product dev | D15: 0.6 | E15: 0.6 | F15: 0.6 | G15: 0.6 | H15: 0.6 | I15: 0.6 | J15: 0.6 | K15: 0.6 | L15: 0.6 | M15: 0.6 | N15: 0.6 | O15: 0.6 | P15: 0.6 | Q15: 0.6 | R15: 0.6 | S15: 0.6 | T15: 0.6 | U15: 0.6 | V15: 0.6 | W15: 0.6 | X15: 0.6 | Y15: 0.6 | Z15: 0.6 | AA15: 0.6 | AB15: 0.6 | AC15: 0.6 | AD15: 0.6 | AE15: 0.6 | AF15: 0.6 | AG15: 0.6 | AH15: 0.6 | AI15: 0.6 | AJ15: 0.6 | AK15: 0.6 | AL15: 0.6 | AM15: 0.6
C16: Bizdev | D16: 0.15 | E16: 0.15 | F16: 0.15 | G16: 0.15 | H16: 0.15 | I16: 0.15 | J16: 0.15 | K16: 0.15 | L16: 0.15 | M16: 0.15 | N16: 0.15 | O16: 0.15 | P16: 0.15 | Q16: 0.15 | R16: 0.15 | S16: 0.15 | T16: 0.15 | U16: 0.15 | V16: 0.15 | W16: 0.15 | X16: 0.15 | Y16: 0.15 | Z16: 0.15 | AA16: 0.15 | AB16: 0.15 | AC16: 0.15 | AD16: 0.15 | AE16: 0.15 | AF16: 0.15 | AG16: 0.15 | AH16: 0.15 | AI16: 0.15 | AJ16: 0.15 | AK16: 0.15 | AL16: 0.15 | AM16: 0.15
C17: Communication
C18: Operating | D18: 0.25 | E18: 0.25 | F18: 0.25 | G18: 0.25 | H18: 0.25 | I18: 0.25 | J18: 0.25 | K18: 0.25 | L18: 0.25 | M18: 0.25 | N18: 0.25 | O18: 0.25 | P18: 0.25 | Q18: 0.25 | R18: 0.25 | S18: 0.25 | T18: 0.25 | U18: 0.25 | V18: 0.25 | W18: 0.25 | X18: 0.25 | Y18: 0.25 | Z18: 0.25 | AA18: 0.25 | AB18: 0.25 | AC18: 0.25 | AD18: 0.25 | AE18: 0.25 | AF18: 0.25 | AG18: 0.25 | AH18: 0.25 | AI18: 0.25 | AJ18: 0.25 | AK18: 0.25 | AL18: 0.25 | AM18: 0.25
A19: Employés 3 | B19: Head of sales | C19: Net salary | N19: 5000 | O19: 5000 | P19: 5000 | Q19: 5000 | R19: 5000 | S19: 5000 | T19: 5000 | U19: 5000 | V19: 5000 | W19: 5000 | X19: 5000 | Y19: 5000 | Z19: 5000 | AA19: 5000 | AB19: 5000 | AC19: 5000 | AD19: 5000 | AE19: 5000 | AF19: 5000 | AG19: 5000 | AH19: 5000 | AI19: 5000 | AJ19: 5000 | AK19: 5000 | AL19: 5000 | AM19: 5000
C20: Expenses bill | L20: 1500 | M20: 500 | N20: 500 | O20: 500 | P20: 1000 | Q20: 1000 | R20: 1000 | S20: 1000 | T20: 1000 | U20: 1000 | V20: 1000 | W20: 1000 | X20: 1000 | Y20: 1000 | Z20: 1000 | AA20: 1000
C21: Turnover | M21: 0.5 | N21: 0.5 | O21: 0.5 | P21: 0.5 | Q21: 0.5 | R21: 0.5 | S21: 0.5 | T21: 0.5 | U21: 0.5 | V21: 0.5 | W21: 0.5 | X21: 0.5 | Y21: 0.5 | Z21: 0.5 | AA21: 0.5 | AB21: 0.5 | AC21: 0.5 | AD21: 0.5 | AE21: 0.5 | AF21: 0.5 | AG21: 0.5 | AH21: 0.5 | AI21: 0.5 | AJ21: 0.5 | AK21: 0.5 | AL21: 0.5 | AM21: 0.5
C22: Product dev
C23: Bizdev | D23: 0.9 | E23: 0.9 | F23: 0.9 | G23: 0.9 | H23: 0.9 | I23: 0.9 | J23: 0.9 | K23: 0.9 | L23: 0.9 | M23: 0.4 | N23: 0.4 | O23: 0.4 | P23: 0.4 | Q23: 0.4 | R23: 0.4 | S23: 0.4 | T23: 0.4 | U23: 0.4 | V23: 0.4 | W23: 0.4 | X23: 0.4 | Y23: 0.4 | Z23: 0.4 | AA23: 0.4 | AB23: 0.4 | AC23: 0.4 | AD23: 0.4 | AE23: 0.4 | AF23: 0.4 | AG23: 0.4 | AH23: 0.4 | AI23: 0.4 | AJ23: 0.4 | AK23: 0.4 | AL23: 0.4 | AM23: 0.4
C24: Communication
C25: Operating | D25: 0.1 | E25: 0.1 | F25: 0.1 | G25: 0.1 | H25: 0.1 | I25: 0.1 | J25: 0.1 | K25: 0.1 | L25: 0.1 | M25: 0.1 | N25: 0.1 | O25: 0.1 | P25: 0.1 | Q25: 0.1 | R25: 0.1 | S25: 0.1 | T25: 0.1 | U25: 0.1 | V25: 0.1 | W25: 0.1 | X25: 0.1 | Y25: 0.1 | Z25: 0.1 | AA25: 0.1 | AB25: 0.1 | AC25: 0.1 | AD25: 0.1 | AE25: 0.1 | AF25: 0.1 | AG25: 0.1 | AH25: 0.1 | AI25: 0.1 | AJ25: 0.1 | AK25: 0.1 | AL25: 0.1 | AM25: 0.1
A26: Employés 4 | B26: Sales assistant | C26: Net salary
C27: Expenses bill
C28: Turnover
C29: Product dev
C30: Bizdev
C31: Communication
C32: Operating

Sheet Employees Salaires
A1: Employees | D1: 2017 | E1: 2017 | F1: 2017 | G1: 2017 | H1: 2017 | I1: 2017 | J1: 2017 | K1: 2017 | L1: 2017 | M1: 2017 | N1: 2017 | O1: 2017 | P1: 2018 | Q1: 2018 | R1: 2018 | S1: 2018 | T1: 2018 | U1: 2018 | V1: 2018 | W1: 2018 | X1: 2018 | Y1: 2018 | Z1: 2018 | AA1: 2018 | AB1: 2019 | AC1: 2019 | AD1: 2019 | AE1: 2019 | AF1: 2019 | AG1: 2019 | AH1: 2019 | AI1: 2019 | AJ1: 2019 | AK1: 2019 | AL1: 2019 | AM1: 2019
D2: 1 | E2: 2 | F2: 3 | G2: 4 | H2: 5 | I2: 6 | J2: 7 | K2: 8 | L2: 9 | M2: 10 | N2: 11 | O2: 12 | P2: 1 | Q2: 2 | R2: 3 | S2: 4 | T2: 5 | U2: 6 | V2: 7 | W2: 8 | X2: 9 | Y2: 10 | Z2: 11 | AA2: 12 | AB2: 1 | AC2: 2 | AD2: 3 | AE2: 4 | AF2: 5 | AG2: 6 | AH2: 7 | AI2: 8 | AJ2: 9 | AK2: 10 | AL2: 11 | AM2: 12
D3: January | E3: February | F3: March | G3: April | H3: May | I3: June | J3: July | K3: August | L3: September | M3: October | N3: November | O3: December | P3: January | Q3: February | R3: March | S3: April | T3: May | U3: June | V3: July | W3: August | X3: September | Y3: October | Z3: November | AA3: December | AB3: January | AC3: February | AD3: March | AE3: April | AF3: May | AG3: June | AH3: July | AI3: August | AJ3: September | AK3: October | AL3: November | AM3: December
A4: Name | C4: Title | D4: =DATE(D1,D2,1) -> 42736 | E4: =DATE(E1,E2,1) -> 42767 | F4: =DATE(F1,F2,1) -> 42795 | G4: =DATE(G1,G2,1) -> 42826 | H4: =DATE(H1,H2,1) -> 42856 | I4: =DATE(I1,I2,1) -> 42887 | J4: =DATE(J1,J2,1) -> 42917 | K4: =DATE(K1,K2,1) -> 42948 | ... AM4: =DATE(AM1,AM2,1) -> 43800
A5: Employés 1 | B5: Head of operations | C5: Net salary | D5: =Employees!D5 -> 2703.05 | E5: =Employees!E5 -> 2691.49 | F5: =Employees!F5 -> 2691.49 | G5: =Employees!G5 -> 2691.49 | H5: =Employees!H5 -> 2691.45 | I5: =Employees!I5 -> 2878.9 | J5: =Employees!J5 -> 2691.45 | K5: =Employees!K5 -> 2691.45 | ... AM5: =Employees!AM5 -> 0
C6: Expenses bill | D6: =Employees!D6 -> 483.29 | E6: =Employees!E6 -> 480.04 | F6: =Employees!F6 -> 68.51 | G6: =Employees!G6 -> 228.73 | H6: =Employees!H6 -> 185.26 | I6: =Employees!I6 -> 307.5 | J6: =Employees!J6 -> 0 | K6: =Employees!K6 -> 0 | ... AM6: =Employees!AM6 -> 0
C7: Turnover | D7: =IF(Employees!D7*D$5=0,"",Employees!D7*D$5) | E7: =IF(Employees!E7*E$5=0,"",Employees!E7*E$5) | F7: =IF(Employees!F7*F$5=0,"",Employees!F7*F$5) | G7: =IF(Employees!G7*G$5=0,"",Employees!G7*G$5) | H7: =IF(Employees!H7*H$5=0,"",Employees!H7*H$5) | I7: =IF(Employees!I7*I$5=0,"",Employees!I7*I$5) | J7: =IF(Employees!J7*J$5=0,"",Employees!J7*J$5) | K7: =IF(Employees!K7*K$5=0,"",Employees!K7*K$5) | ... AM7: =IF(Employees!AM7*AM$5=0,"",Employees!AM7*AM$5)
C8: Product dev | D8: =IF(Employees!D8*D$5=0,"",Employees!D8*D$5) -> 675.7625 | E8: =IF(Employees!E8*E$5=0,"",Employees!E8*E$5) -> 672.8725 | F8: =IF(Employees!F8*F$5=0,"",Employees!F8*F$5) -> 672.8725 | G8: =IF(Employees!G8*G$5=0,"",Employees!G8*G$5) -> 672.8725 | H8: =IF(Employees!H8*H$5=0,"",Employees!H8*H$5) -> 672.8625 | I8: =IF(Employees!I8*I$5=0,"",Employees!I8*I$5) -> 719.725 | J8: =IF(Employees!J8*J$5=0,"",Employees!J8*J$5) -> 672.8625 | K8: =IF(Employees!K8*K$5=0,"",Employees!K8*K$5) -> 672.8625 | ... AM8: =IF(Employees!AM8*AM$5=0,"",Employees!AM8*AM$5)
C9: Bizdev | D9: =IF(Employees!D9*D$5=0,"",Employees!D9*D$5) -> 2027.2875 | E9: =IF(Employees!E9*E$5=0,"",Employees!E9*E$5) -> 2018.6175 | F9: =IF(Employees!F9*F$5=0,"",Employees!F9*F$5) -> 2018.6175 | G9: =IF(Employees!G9*G$5=0,"",Employees!G9*G$5) -> 2018.6175 | H9: =IF(Employees!H9*H$5=0,"",Employees!H9*H$5) -> 2018.5875 | I9: =IF(Employees!I9*I$5=0,"",Employees!I9*I$5) -> 2159.175 | J9: =IF(Employees!J9*J$5=0,"",Employees!J9*J$5) -> 2018.5875 | K9: =IF(Employees!K9*K$5=0,"",Employees!K9*K$5) -> 2018.5875 | ... AM9: =IF(Employees!AM9*AM$5=0,"",Employees!AM9*AM$5)
C10: Communication | D10: =IF(Employees!D10*D$5=0,"",Employees!D10*D$5) | E10: =IF(Employees!E10*E$5=0,"",Employees!E10*E$5) | F10: =IF(Employees!F10*F$5=0,"",Employees!F10*F$5) | G10: =IF(Employees!G10*G$5=0,"",Employees!G10*G$5) | H10: =IF(Employees!H10*H$5=0,"",Employees!H10*H$5) | I10: =IF(Employees!I10*I$5=0,"",Employees!I10*I$5) | J10: =IF(Employees!J10*J$5=0,"",Employees!J10*J$5) | K10: =IF(Employees!K10*K$5=0,"",Employees!K10*K$5) | ... AM10: =IF(Employees!AM10*AM$5=0,"",Employees!AM10*AM$5)
C11: Operating | D11: =IF(Employees!D11*D$5=0,"",Employees!D11*D$5) | E11: =IF(Employees!E11*E$5=0,"",Employees!E11*E$5) | F11: =IF(Employees!F11*F$5=0,"",Employees!F11*F$5) | G11: =IF(Employees!G11*G$5=0,"",Employees!G11*G$5) | H11: =IF(Employees!H11*H$5=0,"",Employees!H11*H$5) | I11: =IF(Employees!I11*I$5=0,"",Employees!I11*I$5) | J11: =IF(Employees!J11*J$5=0,"",Employees!J11*J$5) | K11: =IF(Employees!K11*K$5=0,"",Employees!K11*K$5) | ... AM11: =IF(Employees!AM11*AM$5=0,"",Employees!AM11*AM$5)
A12: Employés 2 | B12: Head of development | C12: Net salary | D12: =Employees!D12 -> 0 | E12: =Employees!E12 -> 0 | F12: =Employees!F12 -> 0 | G12: =Employees!G12 -> 0 | H12: =Employees!H12 -> 0 | I12: =Employees!I12 -> 0 | J12: =Employees!J12 -> 0 | K12: =Employees!K12 -> 0 | ... AM12: =Employees!AM12 -> 5000
C13: Expenses bill | D13: =Employees!D13 -> 0 | E13: =Employees!E13 -> 0 | F13: =Employees!F13 -> 0 | G13: =Employees!G13 -> 0 | H13: =Employees!H13 -> 0 | I13: =Employees!I13 -> 0 | J13: =Employees!J13 -> 0 | K13: =Employees!K13 -> 0 | ... AM13: =Employees!AM13 -> 0
C14: Turnover | D14: =IF(Employees!D14*D$5=0,"",Employees!D14*D$5) | E14: =IF(Employees!E14*E$5=0,"",Employees!E14*E$5) | F14: =IF(Employees!F14*F$5=0,"",Employees!F14*F$5) | G14: =IF(Employees!G14*G$5=0,"",Employees!G14*G$5) | H14: =IF(Employees!H14*H$5=0,"",Employees!H14*H$5) | I14: =IF(Employees!I14*I$5=0,"",Employees!I14*I$5) | J14: =IF(Employees!J14*J$5=0,"",Employees!J14*J$5) | K14: =IF(Employees!K14*K$5=0,"",Employees!K14*K$5) | ... AM14: =IF(Employees!AM14*AM$5=0,"",Employees!AM14*AM$5)
C15: Product dev | D15: =IF(Employees!D15*D$5=0,"",Employees!D15*D$5) -> 1621.83 | E15: =IF(Employees!E15*E$5=0,"",Employees!E15*E$5) -> 1614.894 | F15: =IF(Employees!F15*F$5=0,"",Employees!F15*F$5) -> 1614.894 | G15: =IF(Employees!G15*G$5=0,"",Employees!G15*G$5) -> 1614.894 | H15: =IF(Employees!H15*H$5=0,"",Employees!H15*H$5) -> 1614.87 | I15: =IF(Employees!I15*I$5=0,"",Employees!I15*I$5) -> 1727.34 | J15: =IF(Employees!J15*J$5=0,"",Employees!J15*J$5) -> 1614.87 | K15: =IF(Employees!K15*K$5=0,"",Employees!K15*K$5) -> 1614.87 | ... AM15: =IF(Employees!AM15*AM$5=0,"",Employees!AM15*AM$5)
C16: Bizdev | D16: =IF(Employees!D16*D$5=0,"",Employees!D16*D$5) -> 405.4575 | E16: =IF(Employees!E16*E$5=0,"",Employees!E16*E$5) -> 403.7235 | F16: =IF(Employees!F16*F$5=0,"",Employees!F16*F$5) -> 403.7235 | G16: =IF(Employees!G16*G$5=0,"",Employees!G16*G$5) -> 403.7235 | H16: =IF(Employees!H16*H$5=0,"",Employees!H16*H$5) -> 403.7175 | I16: =IF(Employees!I16*I$5=0,"",Employees!I16*I$5) -> 431.835 | J16: =IF(Employees!J16*J$5=0,"",Employees!J16*J$5) -> 403.7175 | K16: =IF(Employees!K16*K$5=0,"",Employees!K16*K$5) -> 403.7175 | ... AM16: =IF(Employees!AM16*AM$5=0,"",Employees!AM16*AM$5)
C17: Communication | D17: =IF(Employees!D17*D$5=0,"",Employees!D17*D$5) | E17: =IF(Employees!E17*E$5=0,"",Employees!E17*E$5) | F17: =IF(Employees!F17*F$5=0,"",Employees!F17*F$5) | G17: =IF(Employees!G17*G$5=0,"",Employees!G17*G$5) | H17: =IF(Employees!H17*H$5=0,"",Employees!H17*H$5) | I17: =IF(Employees!I17*I$5=0,"",Employees!I17*I$5) | J17: =IF(Employees!J17*J$5=0,"",Employees!J17*J$5) | K17: =IF(Employees!K17*K$5=0,"",Employees!K17*K$5) | ... AM17: =IF(Employees!AM17*AM$5=0,"",Employees!AM17*AM$5)
C18: Operating | D18: =IF(Employees!D18*D$5=0,"",Employees!D18*D$5) -> 675.7625 | E18: =IF(Employees!E18*E$5=0,"",Employees!E18*E$5) -> 672.8725 | F18: =IF(Employees!F18*F$5=0,"",Employees!F18*F$5) -> 672.8725 | G18: =IF(Employees!G18*G$5=0,"",Employees!G18*G$5) -> 672.8725 | H18: =IF(Employees!H18*H$5=0,"",Employees!H18*H$5) -> 672.8625 | I18: =IF(Employees!I18*I$5=0,"",Employees!I18*I$5) -> 719.725 | J18: =IF(Employees!J18*J$5=0,"",Employees!J18*J$5) -> 672.8625 | K18: =IF(Employees!K18*K$5=0,"",Employees!K18*K$5) -> 672.8625 | ... AM18: =IF(Employees!AM18*AM$5=0,"",Employees!AM18*AM$5)
A19: Employés 3 | B19: Head of sales | C19: Net salary | D19: =Employees!D19 -> 0 | E19: =Employees!E19 -> 0 | F19: =Employees!F19 -> 0 | G19: =Employees!G19 -> 0 | H19: =Employees!H19 -> 0 | I19: =Employees!I19 -> 0 | J19: =Employees!J19 -> 0 | K19: =Employees!K19 -> 0 | ... AM19: =Employees!AM19 -> 5000
C20: Expenses bill | D20: =Employees!D20 -> 0 | E20: =Employees!E20 -> 0 | F20: =Employees!F20 -> 0 | G20: =Employees!G20 -> 0 | H20: =Employees!H20 -> 0 | I20: =Employees!I20 -> 0 | J20: =Employees!J20 -> 0 | K20: =Employees!K20 -> 0 | ... AM20: =Employees!AM20 -> 0
C21: Turnover | D21: =IF(Employees!D21*D$5=0,"",Employees!D21*D$5) | E21: =IF(Employees!E21*E$5=0,"",Employees!E21*E$5) | F21: =IF(Employees!F21*F$5=0,"",Employees!F21*F$5) | G21: =IF(Employees!G21*G$5=0,"",Employees!G21*G$5) | H21: =IF(Employees!H21*H$5=0,"",Employees!H21*H$5) | I21: =IF(Employees!I21*I$5=0,"",Employees!I21*I$5) | J21: =IF(Employees!J21*J$5=0,"",Employees!J21*J$5) | K21: =IF(Employees!K21*K$5=0,"",Employees!K21*K$5) | ... AM21: =IF(Employees!AM21*AM$5=0,"",Employees!AM21*AM$5)
C22: Product dev | D22: =IF(Employees!D22*D$5=0,"",Employees!D22*D$5) | E22: =IF(Employees!E22*E$5=0,"",Employees!E22*E$5) | F22: =IF(Employees!F22*F$5=0,"",Employees!F22*F$5) | G22: =IF(Employees!G22*G$5=0,"",Employees!G22*G$5) | H22: =IF(Employees!H22*H$5=0,"",Employees!H22*H$5) | I22: =IF(Employees!I22*I$5=0,"",Employees!I22*I$5) | J22: =IF(Employees!J22*J$5=0,"",Employees!J22*J$5) | K22: =IF(Employees!K22*K$5=0,"",Employees!K22*K$5) | ... AM22: =IF(Employees!AM22*AM$5=0,"",Employees!AM22*AM$5)
C23: Bizdev | D23: =IF(Employees!D23*D$5=0,"",Employees!D23*D$5) -> 2432.745 | E23: =IF(Employees!E23*E$5=0,"",Employees!E23*E$5) -> 2422.341 | F23: =IF(Employees!F23*F$5=0,"",Employees!F23*F$5) -> 2422.341 | G23: =IF(Employees!G23*G$5=0,"",Employees!G23*G$5) -> 2422.341 | H23: =IF(Employees!H23*H$5=0,"",Employees!H23*H$5) -> 2422.305 | I23: =IF(Employees!I23*I$5=0,"",Employees!I23*I$5) -> 2591.01 | J23: =IF(Employees!J23*J$5=0,"",Employees!J23*J$5) -> 2422.305 | K23: =IF(Employees!K23*K$5=0,"",Employees!K23*K$5) -> 2422.305 | ... AM23: =IF(Employees!AM23*AM$5=0,"",Employees!AM23*AM$5)
C24: Communication | D24: =IF(Employees!D24*D$5=0,"",Employees!D24*D$5) | E24: =IF(Employees!E24*E$5=0,"",Employees!E24*E$5) | F24: =IF(Employees!F24*F$5=0,"",Employees!F24*F$5) | G24: =IF(Employees!G24*G$5=0,"",Employees!G24*G$5) | H24: =IF(Employees!H24*H$5=0,"",Employees!H24*H$5) | I24: =IF(Employees!I24*I$5=0,"",Employees!I24*I$5) | J24: =IF(Employees!J24*J$5=0,"",Employees!J24*J$5) | K24: =IF(Employees!K24*K$5=0,"",Employees!K24*K$5) | ... AM24: =IF(Employees!AM24*AM$5=0,"",Employees!AM24*AM$5)
C25: Operating | D25: =IF(Employees!D25*D$5=0,"",Employees!D25*D$5) -> 270.305 | E25: =IF(Employees!E25*E$5=0,"",Employees!E25*E$5) -> 269.149 | F25: =IF(Employees!F25*F$5=0,"",Employees!F25*F$5) -> 269.149 | G25: =IF(Employees!G25*G$5=0,"",Employees!G25*G$5) -> 269.149 | H25: =IF(Employees!H25*H$5=0,"",Employees!H25*H$5) -> 269.145 | I25: =IF(Employees!I25*I$5=0,"",Employees!I25*I$5) -> 287.89 | J25: =IF(Employees!J25*J$5=0,"",Employees!J25*J$5) -> 269.145 | K25: =IF(Employees!K25*K$5=0,"",Employees!K25*K$5) -> 269.145 | ... AM25: =IF(Employees!AM25*AM$5=0,"",Employees!AM25*AM$5)
A26: Employés 4 | B26: Sales assistant | C26: Net salary | D26: =Employees!D26 -> 0 | E26: =Employees!E26 -> 0 | F26: =Employees!F26 -> 0 | G26: =Employees!G26 -> 0 | H26: =Employees!H26 -> 0 | I26: =Employees!I26 -> 0 | J26: =Employees!J26 -> 0 | K26: =Employees!K26 -> 0 | ... AM26: =Employees!AM26 -> 0
C27: Expenses bill
C28: Turnover | D28: =IF(Employees!D28*D$5=0,"",Employees!D28*D$5) | E28: =IF(Employees!E28*E$5=0,"",Employees!E28*E$5) | F28: =IF(Employees!F28*F$5=0,"",Employees!F28*F$5) | G28: =IF(Employees!G28*G$5=0,"",Employees!G28*G$5) | H28: =IF(Employees!H28*H$5=0,"",Employees!H28*H$5) | I28: =IF(Employees!I28*I$5=0,"",Employees!I28*I$5) | J28: =IF(Employees!J28*J$5=0,"",Employees!J28*J$5) | K28: =IF(Employees!K28*K$5=0,"",Employees!K28*K$5) | ... AM28: =IF(Employees!AM28*AM$5=0,"",Employees!AM28*AM$5)
C29: Product dev | D29: =IF(Employees!D29*D$5=0,"",Employees!D29*D$5) | E29: =IF(Employees!E29*E$5=0,"",Employees!E29*E$5) | F29: =IF(Employees!F29*F$5=0,"",Employees!F29*F$5) | G29: =IF(Employees!G29*G$5=0,"",Employees!G29*G$5) | H29: =IF(Employees!H29*H$5=0,"",Employees!H29*H$5) | I29: =IF(Employees!I29*I$5=0,"",Employees!I29*I$5) | J29: =IF(Employees!J29*J$5=0,"",Employees!J29*J$5) | K29: =IF(Employees!K29*K$5=0,"",Employees!K29*K$5) | ... AM29: =IF(Employees!AM29*AM$5=0,"",Employees!AM29*AM$5)
C30: Bizdev | D30: =IF(Employees!D30*D$5=0,"",Employees!D30*D$5) | E30: =IF(Employees!E30*E$5=0,"",Employees!E30*E$5) | F30: =IF(Employees!F30*F$5=0,"",Employees!F30*F$5) | G30: =IF(Employees!G30*G$5=0,"",Employees!G30*G$5) | H30: =IF(Employees!H30*H$5=0,"",Employees!H30*H$5) | I30: =IF(Employees!I30*I$5=0,"",Employees!I30*I$5) | J30: =IF(Employees!J30*J$5=0,"",Employees!J30*J$5) | K30: =IF(Employees!K30*K$5=0,"",Employees!K30*K$5) | ... AM30: =IF(Employees!AM30*AM$5=0,"",Employees!AM30*AM$5)
C31: Communication | D31: =IF(Employees!D31*D$5=0,"",Employees!D31*D$5) | E31: =IF(Employees!E31*E$5=0,"",Employees!E31*E$5) | F31: =IF(Employees!F31*F$5=0,"",Employees!F31*F$5) | G31: =IF(Employees!G31*G$5=0,"",Employees!G31*G$5) | H31: =IF(Employees!H31*H$5=0,"",Employees!H31*H$5) | I31: =IF(Employees!I31*I$5=0,"",Employees!I31*I$5) | J31: =IF(Employees!J31*J$5=0,"",Employees!J31*J$5) | K31: =IF(Employees!K31*K$5=0,"",Employees!K31*K$5) | ... AM31: =IF(Employees!AM31*AM$5=0,"",Employees!AM31*AM$5)
C32: Operating | D32: =IF(Employees!D32*D$5=0,"",Employees!D32*D$5) | E32: =IF(Employees!E32*E$5=0,"",Employees!E32*E$5) | F32: =IF(Employees!F32*F$5=0,"",Employees!F32*F$5) | G32: =IF(Employees!G32*G$5=0,"",Employees!G32*G$5) | H32: =IF(Employees!H32*H$5=0,"",Employees!H32*H$5) | I32: =IF(Employees!I32*I$5=0,"",Employees!I32*I$5) | J32: =IF(Employees!J32*J$5=0,"",Employees!J32*J$5) | K32: =IF(Employees!K32*K$5=0,"",Employees!K32*K$5) | ... AM32: =IF(Employees!AM32*AM$5=0,"",Employees!AM32*AM$5)
